 Dungeon Crawl Stone Soup version 0.29.1-15-g9cfb28693d (webtiles) character file.

Game seed: 15390624922873426265

31 Smoke131 the Trooper (level 3, -5/37 HPs)
             Began as an Ogre Gladiator on Apr 15, 2023.
             Slain by a gnoll
             ... wielding a +0 whip
              (6 damage)
             ... on level 2 of the Dungeon.
             The game lasted 00:02:29 (1064 turns).

Smoke131 the Trooper (Ogre Gladiator)               Turns: 1064, Time: 00:02:30

Health: -5/37      AC:  3    Str: 20    XL:     3   Next: 22%
Magic:  3/3        EV: 10    Int:  9    God:
Gold:   6          SH:  0    Dex: 10    Spells: 2/2 levels left

rFire   . . .      SeeInvis .   a - +0 trident
rCold   . . .      Faith    .   (no shield)
rNeg    . . .      Spirit   .   b - +0 robe
rPois   .          Reflect  .   c - +0 hat
rElec   .          Harm     .   (no cloak)
rCorr   .          Rampage  .   (gloves unavailable)
Will    .....                   (boots unavailable)
Stlth   +.........              (no amulet)
HPRegen 0.12/turn               (no ring)
MPRegen 0.08/turn               (no ring)

@: no status effects
A: large, unfitting armour, tough skin 1
a: no special abilities


You were on level 2 of the Dungeon.
You visited 1 branch of the dungeon, and saw 2 of its levels.

You collected 42 gold pieces.
You spent 36 gold pieces at shops.

Inventory:

Hand Weapons
 a - a +0 trident (weapon)
Missiles
 d - 3 throwing nets (quivered)
 e - a large rock
 j - 2 silver boomerangs
Armour
 b - a +0 robe (worn)
 c - a +0 hat (worn)
Scrolls
 f - a scroll of vulnerability {unknown}
 g - a scroll of fear {unknown}
 l - a scroll of identify {unknown}
Potions
 h - a potion of might {unknown}
 i - a potion of invisibility {unknown}
 k - a potion of lignification {unknown}


   Skills:
 + Level 3.4 Fighting
 + Level 3.3 Polearms
 + Level 2.4 Throwing
 - Level 3.0 Dodging


You had 2 spell levels left.
You didn't know any spells.
Your spell library contained the following spells:

 Spells                   Type           Power      Damage    Failure   Level
 Sandblast                Erth           0%         2d4       38%         1
 Passwall                 Tmut/Erth      0%         N/A       52%         2
 Stone Arrow              Conj/Erth      0%         3d7       77%         3


Dungeon Overview and Level Annotations

Branches:
Dungeon (2/15)

Altars:

Shops:
D:1 ?*?:(


Innate Abilities, Weirdness & Mutations

You are too large for most types of armour.
You have tough skin. (AC +1)


Message History

You kill the quokka!
HP restored.
A giant cockroach, an endoplasm and a gnoll come into view.
Found a glowing clear potion.
The endoplasm quivers.
The gnoll shouts!
You hear a shout!
A gnoll comes into view. It is wielding a +0 halberd. x2
The gnoll moves out of view.
The giant cockroach attacks as you move away!
The giant cockroach closely misses you.
The giant cockroach attacks as you move away!
The giant cockroach bites you.
The giant cockroach bites you but does no damage.
The giant cockroach attacks as you move away!
The giant cockroach bites you but does no damage.
The giant cockroach closely misses you.
The giant cockroach attacks as you move away!
The giant cockroach barely misses you.
The giant cockroach bites you but does no damage.
There is a stone staircase leading up here.
You hit the giant cockroach.
The giant cockroach is moderately wounded.
The giant cockroach bites you.
You closely miss the giant cockroach.
The giant cockroach is moderately wounded.
The giant cockroach bites you.
You puncture the giant cockroach!
You kill the giant cockroach!
You hit the endoplasm.
The endoplasm is lightly wounded.
The endoplasm freezes you.
You are frozen.
You puncture the endoplasm!
You kill the endoplasm!
The gnoll hits you from afar with a +0 halberd!
The gnoll hits you with a +0 whip.
The gnoll hits you from afar with a +0 halberd!
* * * LOW HITPOINT WARNING * * *
The gnoll hits you with a +0 whip.
You die...

....##........###
....##........#
....##.......J####
.....#.†.....#...#
.....#.....#...#.#
.....##.##.....#.#
........######.#g#
....###........#g#
....# #.####...#@#
....# #.#.......##
....# #.....#####
....# .....# ....#
..... ....# ..##


You could see 2 gnolls.

Vanquished Creatures
  A dart slug (D:2)
  A bat (D:1)
  4 endoplasms
  5 giant cockroaches
  A goblin (D:1)
  2 hobgoblins (D:1)
  2 jackals (D:1)
  3 kobolds (D:1)
  2 quokkas (D:2)
  A ball python (D:1)
  2 rats
24 creatures vanquished.

Notes
Turn   | Place    | Note
-------+----------+-------------------------------------------
     0 | D:1      | Smoke131 the Ogre Gladiator began the quest for the Orb.
     0 | D:1      | Reached XP level 1. HP: 22/22 MP: 1/1
    31 | D:1      | Found Beesm's Magic Scroll Boutique.
    69 | D:1      | Found Tykhioff's Assorted Antiques.
   330 | D:1      | Reached XP level 2. HP: 29/29 MP: 2/2
   487 | D:1      | Found Xuaro's Book Emporium.
   489 | D:1      | Found Aklaelam's Magic Scroll Shoppe.
   601 | D:1      | Found Uttil's Weapon Emporium.
   609 | D:1      | Bought 2 silver boomerangs for 36 gold pieces
   913 | D:2      | Reached XP level 3. HP: 29/37 MP: 3/3
  1064 | D:2      | HP: 1/37 [gnoll/+0 halberd (12)]
  1064 | D:2      | Slain by a gnoll

Illustrated notes

Levels and vault maps discovered:
D:1:      psy_arrival_statuary, layout_basic, serial_shops, shop, shop,
          nicolae_shop_trees, shop, nicolae_shop_trees
D:2:      kb_forest_paths, layout_basic, minmay_misc_feat_ornament,
          minmay_pentomino_z2

Skill      XL: |  1  2 |
---------------+-------+-----
Fighting       | 3 |  3.4
Dodging        | 3 |  3.0
Polearms       | |  3.3
Throwing       | |  2.4

Action                   || total
-------------------------++-------
Melee: Trident           ||    88
       Punch             ||     1
Armor: Robe              ||    33
Dodge: Dodged            ||    50
